 Dungeon Crawl Stone Soup version 0.31.0-12-g77e489cdc1 (webtiles) character file.

Game seed: 6868078565002055137

2389 Destapler the Digger (level 9, -9/71 HPs)
             Began as a Demigod Earth Elementalist on Feb 25, 2024.
             Killed from afar by a steam dragon (14 damage)
             ... with a ball of steam
             ... on level 8 of the Dungeon on Mar 4, 2024.
             The game lasted 00:32:48 (8748 turns).

Destapler the Digger (Demigod Earth Elementalist)   Turns: 8748, Time: 00:32:48

Health: -9/71      AC:  8    Str:  9    XL:     9   Next: 2%
Magic:  8/18       EV: 13    Int: 25    God:
Gold:   471        SH:  0    Dex: 18    Spells: 11/15 levels left

rFire   . . .        a - +5 Force Lance {heavy, knockback}
rCold   . . .        (no shield)
rNeg    + . .        m - +0 robe
rPois   .            (no helmet)
rElec   .            i - +0 cloak
rCorr   .            D - +2 pair of gloves
SInv    .            C - +1 pair of boots
Will    .....        (no amulet)
Stlth   +++          e - ring of positive energy
HPRegen 0.31/turn    g - ring of wizardry
MPRegen 0.16/turn

%: wizardry (x1)
@: no status effects
A: high MP 1, forlorn, divine attributes
a: no special abilities


You were on level 8 of the Dungeon.
You visited 1 branch of the dungeon, and saw 8 of its levels.
You also visited: Sewer.

You collected 471 gold pieces.

Inventory:

Hand Weapons
 a - the +5 Force Lance (weapon) {heavy, knockback}
   (You found it on level 2 of the Dungeon)
 c - a +0 hand axe
 f - a +0 dagger
 p - a +2 flail of draining
Armour
 i - a +0 cloak (worn)
 m - a +0 robe (worn)
 C - a +1 pair of boots (worn)
 D - a +2 pair of gloves (worn)
Jewellery
 e - a ring of positive energy (left hand)
 g - a ring of wizardry (right hand)
 w - a ring of positive energy
 F - a ring of fire
Talismans
 d - a blade talisman
Wands
 s - a wand of roots (7)
Scrolls
 h - a scroll of enchant armour
 j - a scroll of blinking
 k - a scroll of enchant weapon {unknown}
 l - 5 scrolls of identify
 t - 2 scrolls of fog
 x - 6 scrolls of teleportation {unknown}
 y - 2 scrolls of immolation {unknown}
 B - 2 scrolls of torment {unknown}
 G - 5 scrolls of amnesia {unknown}
Potions
 b - a potion of magic
 n - 2 potions of enlightenment {unknown}
 o - a potion of cancellation {unknown}
 r - 8 potions of curing
 v - 2 potions of attraction {unknown}
 z - a potion of might {unknown}
 A - a potion of resistance {unknown}
 E - 2 potions of heal wounds {unknown}


   Skills:
 - Level 4.0 Fighting
 - Level 3.0 Short Blades
 - Level 3.0 Polearms
 - Level 3.0 Armour
 - Level 3.0 Dodging
 + Level 3.6 Stealth
 + Level 3.9 Spellcasting
 - Level 3.0 Conjurations
 - Level 6.0 Earth Magic
 - Level 3.0 Evocations


You had 11 spell levels left.
You knew the following spells:

 Your Spells              Type           Power      Damage    Failure   Level
a - Sandblast             Erth           68%        2d15      1%          1
b - Stone Arrow           Conj/Erth      54%        3d10      1%          3

Your spell library contained the following spells:

 Spells                   Type           Power      Damage    Failure   Level
 Passwall                 Erth           34%        N/A       1%          3
 Momentum Strike          Conj/Tloc      24%        3d8       3%          2
 Blink                    Tloc           8%         N/A       6%          2
 Ensorcelled Hibernation  Hex/Ice        8%         N/A       6%          2
 Lesser Beckoning         Tloc           8%         N/A       6%          2
 Brom's Barrelling Bould  Conj/Erth      27%        2d5       6%          4
 Petrify                  Alch/Erth      19%        N/A       11%         4
 Fugue of the Fallen      Necr           4%         N/A       12%         3
 Anguish                  Hex/Necr       2%         N/A       34%         4


Dungeon Overview and Level Annotations

Branches:
Dungeon (8/15)             Temple (0/1) D:7           Sewer (visited)
   Lair: D:8-11

Shops:
D:2 :


Innate Abilities, Weirdness & Mutations

You have an increased reservoir of magic. (+10% MP)
You shall have no god before yourself.
Your divine heritage dramatically boosts your attributes as you level up.


Message History

The stone arrow misses the steam dragon.
The steam dragon breathes steam at you. The ball of steam hits you!
The stone arrow hits the steam dragon!
The steam dragon is severely wounded.
You are engulfed in a cloud of scalding steam.
The stone arrow hits the steam dragon!
The steam dragon is almost dead.
An ice beast comes into view.
The steam dragon bites you.
The steam dragon claws you but does no damage.
You barely miss the steam dragon.
The steam dragon is almost dead.
The steam dragon bites you.
The steam dragon claws you but does no damage.
The steam dragon breathes steam at you. The ball of steam hits you!!
* * * LOW HITPOINT WARNING * * *
The ice beast completely misses you.
The ice beast hits you but does no damage.
The steam dragon bites you!
* * * LOW HITPOINT WARNING * * *
The steam dragon closely misses you.
The ice beast hits you but does no damage.
You closely miss the steam dragon.
The steam dragon is almost dead.
The steam dragon misses you. The steam dragon barely misses you.
The ice beast misses you.
You hit the steam dragon but do no damage.
The steam dragon is almost dead.
The steam dragon bites you!
* * * LOW HITPOINT WARNING * * *
The steam dragon claws you but does no damage.
The ice beast hits you.
* * * LOW HITPOINT WARNING * * *
The ice beast freezes you!
* * * LOW HITPOINT WARNING * * *
The steam dragon breathes steam at you. The ball of steam hits you!
You die...

.. #.# #..#####.#..
#.##[# #........#..
....# #.#####..>..
!### ...# #.# #.##..
...#
#..####.#####.####
..###............<...
#.#..####.####..###.
#.DY.####.# #..#
#..@......# #..#
#.#.####### #..#
#.#.# #..# # #.# #..#
..# #..# ### #..#
#..# #..# .#####..#


You could see a steam dragon (catching breath) and an ice beast.

Vanquished Creatures
  Joseph (D:7)
  A black bear (D:7)
  An ice beast (D:8)
  An orc warrior (D:7)
  3 ogres
  A centaur (D:7)
  2 phantoms (D:5)
  2 bullfrogs
  4 scorpions
  2 hounds
  4 jellies
  5 orc priests
  A gnoll bouda (D:8)
  6 iguanas
  2 orc wizards
  13 adders
  8 gnolls
  A river rat (D:6)
  A shadow imp (D:7)
  2 ufetubi (D:7)
  10 dart slugs
  3 ribbon worms
  26 orcs
  3 bats
  2 endoplasms (D:2)
  13 giant cockroaches
  3 hobgoblins
  3 quokkas (D:6)
  14 ball pythons
  16 frilled lizards
  2 goblins
  5 kobolds
  2 rats
163 creatures vanquished.

Vanquished Creatures (collateral kills)
  A jelly (D:6)
1 creature vanquished.

Grand Total: 164 creatures vanquished

Notes
Turn   | Place    | Note
-------+----------+-------------------------------------------
     0 | D:1      | Destapler the Demigod Earth Elementalist began the quest
                  | for the Orb.
     0 | D:1      | Reached XP level 1. HP: 14/14 MP: 5/5
   136 | D:1      | Reached skill level 1 in Conjurations
   217 | D:1      | Reached XP level 2. HP: 22/22 MP: 0/7
   817 | D:2      | Reached skill level 1 in Fighting
   817 | D:2      | Reached skill level 3 in Earth Magic
   817 | D:2      | Reached XP level 3. HP: 20/28 MP: 1/8
   935 | D:2      | Noticed a scorpion
   944 | D:2      | Killed a scorpion
   945 | D:2      | Reached skill level 1 in Short Blades
   945 | D:2      | Reached XP level 4. HP: 21/36 MP: 0/10
  1277 | D:2      | Found the +5 Force Lance {heavy, knockback}
  1321 | D:2      | Found Voavagaac's Book Shoppe.
  1331 | D:2      | Learned a level 3 spell: Stone Arrow
  1357 | D:2      | Reached XP level 5. HP: 38/42 MP: 2/11
  4058 | D:5      | Entered Level 5 of the Dungeon
  4073 | D:5      | Reached XP level 6. HP: 33/51 MP: 8/13
  4077 | D:5      | Reached skill level 1 in Polearms
  4490 | D:5      | Reached skill level 1 in Armour
  4796 | D:5      | Reached XP level 7. HP: 57/57 MP: 4/14
  5092 | D:5      | Reached skill level 4 in Earth Magic
  5347 | D:5      | Reached skill level 5 in Earth Magic
  5762 | D:6      | Found a glowing drain.
  5772 | Sewer    | Entered a sewer
  6183 | Sewer    | Reached skill level 6 in Earth Magic
  6183 | Sewer    | Reached XP level 8. HP: 60/63 MP: 11/15
  7446 | D:7      | Reached skill level 1 in Evocations
  7569 | D:7      | Noticed Joseph
  7857 | D:7      | Found a staircase to the Ecumenical Temple.
  8392 | D:7      | Killed Joseph
  8685 | D:8      | Reached XP level 9. HP: 71/71 MP: 11/18
  8748 | D:8      | Killed from afar by a steam dragon

Illustrated notes

Levels and vault maps discovered:
D:1:      matt_arrival_diagonals, layout_basic
D:2:      layout_loops_ring, serial_shops, nicolae_shop_trees,
          chequers_serial_rivers_micro_e
D:3:      layout_basic, slow_altar_2, mainiacjoe_overflow_catch_the_wave,
          mainiacjoe_overflow_tiny_flanked, minmay_crystal_water
D:4:      minmay_angry_zag, layout_loops_ring
D:5:      layout_loops_ring
D:6:      layout_basic, gup_sewer_entry_bubbles
D:7:      layout_cave_pools, mainiacjoe_overflow_boulevard,
          minmay_temple_entry_drinking_statues, uniq_joseph
D:8:      layout_loops_ring

Skill      XL: |  1  2  3  4  5  6  7  8 |
---------------+-------------------------+-----
Conjurations   | 1 2 3 |  3.0
Stealth        | 2 3 |  3.6
Dodging        | 2 3 |  3.0
Spellcasting   | 2 3 |  3.9
Fighting       | 1 2 3 4 |  4.0
Earth Magic    | 3 6 |  6.0
Short Blades   | 1 2 3 |  3.0
Polearms       | 2 3 |  3.0
Armour         | 1 2 3 |  3.0
Evocations     | 3 |  3.0

Action                     |  1- 3 |  4- 6 |  7- 9 || total
---------------------------+-------+-------+-------++-------
  Melee: Hand axe          |     7 |       |       ||     7
         Lance             |       |    21 |    58 ||    79
         Punch             |       |       |     1 ||     1
   Cast: Sandblast         |    43 |    72 |    75 ||   190
         Stone Arrow       |       |    23 |    43 ||    66
  Evoke: Wand              |       |       |     1 ||     1
    Use: Potion            |       |     1 |       ||     1
         Scroll            |       |       |     8 ||     8
   Stab: Sleeping          |       |     3 |     2 ||     5
 Armour: Robe              |    16 |    59 |    87 ||   162
  Dodge: Dodged            |    10 |    34 |    87 ||   131
